 Dungeon Crawl Stone Soup version 0.28-a0-1080-g05a166d0ed (webtiles) character file.

Game seed: 10315799131258238627

23 ytrimaz the Insei (level 2, 0/23 HPs)
             Began as a Demigod Transmuter on Dec 9, 2021.
             Slain by a ball python (3 damage)
             ... on level 2 of the Dungeon.
             The game lasted 00:01:17 (1176 turns).

ytrimaz the Insei (Demigod Transmuter)              Turns: 1176, Time: 00:01:18

Health: 0/23       AC:  2    Str: 11    XL:     2   Next: 54%
Magic:  7/7        EV: 12    Int: 15    God:
Gold:   21         SH:  0    Dex: 14    Spells: 2/5 levels left

rFire   . . .      SeeInvis .     - Unarmed
rCold   . . .      Faith    .   (no shield)
rNeg    . . .      Spirit   .   a - +0 robe
rPois   .          Reflect  .   (no helmet)
rElec   .          Harm     .   (no cloak)
rCorr   .          Rampage  .   (no gloves)
Will    .....                   (no boots)
Stlth   +.........              (no amulet)
HPRegen 0.07/turn               (no ring)
MPRegen 0.10/turn               (no ring)

@: no status effects
A: high mp 1, forlorn, divine attributes
a: no special abilities


You were on level 2 of the Dungeon.
You visited 1 branch of the dungeon, and saw 2 of its levels.

You collected 21 gold pieces.

Inventory:

Armour
 a - a +0 robe (worn)
Scrolls
 b - 2 scrolls of identify


   Skills:
 * Level 1.2 Fighting
 - Level 1.7 Dodging
 + Level 3.0 Unarmed Combat
 * Level 2.1 Spellcasting
 * Level 2.1 Transmutations


You had 2 spell levels left.
You knew the following spells:

 Your Spells              Type           Power      Damage    Failure   Level
a - Beastly Appendage     Tmut           16%        N/A       9%          1
b - Wereblood             Tmut           8%         N/A       14%         2

Your spell library contained the following spells:

 Spells                   Type           Power      Damage    Failure   Level
 Spider Form              Tmut/Pois      4%         N/A       38%         3
 Ice Form                 Ice/Tmut       4%         N/A       80%         4


Dungeon Overview and Level Annotations

Branches:
Dungeon (2/15)


Innate Abilities, Weirdness & Mutations

You have an increased reservoir of magic. (+10% MP)
You shall have no god before yourself.
Your divine heritage dramatically boosts your attributes as you level up.


Message History

The gnoll shouts!
You hit the gnoll but do no damage. Your kick misses the gnoll.
Your headbutt misses the gnoll. The gnoll closely misses you.
You hit the gnoll.
The gnoll is heavily wounded.
The gnoll closely misses you.
You hit the gnoll but do no damage.
The gnoll is heavily wounded.
The gnoll hits you with a +0 whip!
You hit the gnoll.
The gnoll is severely wounded.
Your transformation is almost over.
You closely miss the gnoll. Your kick misses the gnoll.
The gnoll barely misses you. The gnoll misses you.
The gnoll hits you with a +0 whip.
Unknown command.
The gnoll hits you with a +0 whip. The gnoll hits you with a +0 whip!
* * * LOW HITPOINT WARNING * * *
Your horns disappear.
Your talons disappear.
Your primal bloodlust is almost over.
Your primal bloodlust has ended.
Found an escape hatch in the floor.
Found a stone staircase leading up.
A kobold comes into view. It is wielding a +0 club.
Unknown command.
Found 15 stones.
Found a stone staircase leading down.
A bat comes into view.
The bat hits you but does no damage. The bat barely misses you.
A ball python comes into view.
Found a pair of gloves and a scroll of identify.
Found an escape hatch in the ceiling.
The ball python bites you.
* * * LOW HITPOINT WARNING * * *
The ball python grabs you. The ball python constricts you.
You escape the ball python's grasp.
The bat closely misses you. The bat hits you but does no damage.
The ball python bites you.
You die...

#.######...#####
#.##...........#
#.##.<.#.⌠.#.<.# .
#g##...........# ..
#.######.#.#####
..######## #.####
#...# ...
.K.......#####....#
#.<.# ...
#.......S....###
#...# ..>
#.....gb.@.###
##### ..
#...>g####....# #.
###.....# ####.<...
##.###......g# ####
.......#..g.g#
###.####.....# #.#
#.....#
###g######.#.#
.......b.#.#.#


You could see 2 gnolls, a bat and a ball python.

Vanquished Creatures
  A dart slug (D:1)
  2 ball pythons (D:1)
  2 endoplasms (D:1)
  3 jackals (D:1)
  A kobold (D:1)
  A quokka (D:1)
  A bat (D:1)
  A frilled lizard (D:1)
  4 goblins (D:1)
  2 rats (D:1)
18 creatures vanquished.

Notes
Turn   | Place    | Note
-------+----------+-------------------------------------------
     0 | D:1      | ytrimaz the Demigod Transmuter began the quest for the Orb.
     0 | D:1      | Reached XP level 1. HP: 15/15 MP: 5/5
   385 | D:1      | Reached skill level 1 in Fighting
   532 | D:1      | Reached XP level 2. HP: 10/23 MP: 7/7
   535 | D:1      | Learned a level 2 spell: Wereblood
   757 | D:1      | Reached skill level 3 in Unarmed Combat
  1121 | D:2      | HP: 1/23 [gnoll (8)]
  1176 | D:2      | Slain by a ball python

Illustrated notes

Levels and vault maps discovered:
D:1:      lightli_arrival_flooded_house, layout_basic, nrook_mini_vaults
D:2:      layout_rooms, dreamdust_ecumenical_altar_statues, basic_altar,
          nicolae_elevator_lobby_plus

Skill      XL: |  1  2 |
---------------+-------+-----
Fighting       | 1 |  1.2
Spellcasting   | 2 |  2.1
Transmutations | 2 |  2.1
Unarmed Combat | 3 |  3.0
Dodging        | |  1.7

Action                   || total
-------------------------++-------
Melee: Unarmed           ||    65
       Kick              ||     6
       Headbutt          ||     2
 Cast: Beastly Appendage ||     8
       Wereblood         ||     4
  Use: Scroll            ||     2
       Potion            ||     2
Armor: Robe              ||    14
Dodge: Dodged            ||    60

Table legend: (Time is in decaauts)
 A = Elapsed time spent in this place.
 B = Non-inter-level travel time spent in this place.
 C = Inter-level travel time spent in this place.
 D = Time resting spent in this place.
 E = Time spent auto-exploring this place.
 F = Levels seen in this place.
 G = Mean time per level.
                   A        B        C        D        E       F      G
               +--------+--------+--------+--------+--------+-----+--------+
         Total |   1173 |   1167 |      6 |      0 |    936 |   2 |  586.5 |
       Dungeon |   1173 |   1167 |      6 |      0 |    936 |   2 |  586.5 |
               +--------+--------+--------+--------+--------+-----+--------+

Top non-repeatable levels by time:
     D:1: 1092 daAuts
     D:2: 81 daAuts
